Map: 프라이드 오브 알타리스 - 래더

Players

Zoun

  • Race: Protoss Protoss
  • League: Master

DPGZest (Zest) - Winner!

  • Race: Protoss Protoss
  • League: Master

Event: DreamHack SC2 Masters Last Chance 2022

VOD

Have the link to the VOD?

Description

Time

  • Played on: Dec. 15, 2021, 6:57 a.m.
  • Length: 8:49

All games in this series

Show
View Real Time Build Order
Export as new Build Order

Zoun Protoss 

Build Orders: Phoenix Opening 

Get SALT Encoding   

  12  0:00  Probe  
  13  0:12  Probe  
  14  0:17  Pylon  
  14  0:24  Probe  
  15  0:36  Probe (Chrono Boost)  
  15  0:37  Gateway  
  16  0:46  Assimilator, Probe (Chrono Boost)  
  17  0:51  Probe (Chrono Boost)  
  18  1:03  Probe (Chrono Boost)  
  19  1:04  Assimilator  
  19  1:06  Pylon  
  20  1:12  Probe (Chrono Boost)  
  20  1:17  Probe (Chrono Boost)  
  20  1:24  Cybernetics Core  
  21  1:29  Probe  
  24  1:41  Probe  
  23  2:02  Stargate  
  23  2:03  Stalker  
  23  2:06  Probe  
  26  2:13  Warp Gate  
  26  2:18  Probe  
  27  2:24  Pylon  
  27  2:33  Stalker  
  29  2:39  Pylon  
  28  2:46  Phoenix (Chrono Boost)  
  30  2:56  Nexus  
  30  3:04  Phoenix (Chrono Boost)  
  32  3:07  Probe  
  33  3:16  Shield Battery  
  33  3:21  Probe  
  34  3:29  Phoenix  
  34  3:33  Probe  
  34  3:45  Probe (Chrono Boost)  
  25  3:57  Probe (Chrono Boost)  
  26  4:04  Probe (Chrono Boost)  
  27  4:12  Probe (Chrono Boost)  
  27  4:13  Phoenix  
  30  4:18  Probe (Chrono Boost)  
  30  4:24  Probe (Chrono Boost)  
  32  4:28  Probe (Chrono Boost)  
  33  4:31  Probe (Chrono Boost)  
  33  4:34  Probe  
  35  4:42  Probe  
  36  4:47  Phoenix  
  36  4:51  Probe  
  39  4:55  Probe  
  40  5:03  Probe  
  42  5:07  Probe  
  42  5:15  Probe  
  42  5:16  Phoenix  
  42  5:19  Probe (Chrono Boost)  
  44  5:25  Twilight Council  
  44  5:28  Gateway  
  44  5:30  Probe (Chrono Boost)  
  46  5:37  Stalker  
  46  5:38  Probe (Chrono Boost)  
  46  5:41  Probe (Chrono Boost)  
  49  5:44  Probe (Chrono Boost)  
  49  5:48  Probe  
  49  5:54  Shield Battery  
  49  5:56  Probe  
  50  5:58  Blink (Chrono Boost)  
  50  6:00  Probe  
  51  6:08  Probe  
  46  6:12  Stalker, Probe  
  49  6:20  Probe  
  49  6:24  Probe  
  50  6:29  Stalker  
  50  6:31  Gateway  
  50  6:32  Probe  
  53  6:36  Probe  
  54  6:42  Pylon  
  54  6:43  Pylon  
  54  6:45  Probe (Chrono Boost)  
  53  6:48  Pylon  
  53  6:51  Assimilator  
  53  6:52  Probe (Chrono Boost)  
  51  6:57  Probe (Chrono Boost)  
  53  7:04  Probe (Chrono Boost)  
  53  7:06  Stalker, Probe (Chrono Boost)  
  53  7:07  Stalker  
  53  7:13  Probe  
  50  7:16  Probe  
  51  7:25  Probe (Chrono Boost)  
  51  7:29  Probe (Chrono Boost)  
  53  7:35  Stalker x3  
  60  7:37  Probe (Chrono Boost)  
  60  7:38  Probe (Chrono Boost)  
  60  7:41  Probe (Chrono Boost)  
  60  7:43  Probe (Chrono Boost)  
  63  7:52  Probe  
  63  7:55  Probe  
  61  7:58  Stalker x2  
  61  8:00  Stalker  
  61  8:04  Probe  
  64  8:11  Probe  
  65  8:16  Probe  
  66  8:21  Nexus  
  66  8:23  Probe  
  65  8:37  Stalker x3  
Show
View Real Time Build Order
Export as new Build Order

DPGZest Protoss - Winner!

Build Orders: Oracle Opening, Phoenix Opening, Mass Phoenix 

Get SALT Encoding   

  12  0:00  Probe  
  13  0:12  Probe  
  14  0:17  Pylon  
  14  0:24  Probe (Chrono Boost)  
  15  0:36  Probe (Chrono Boost)  
  15  0:37  Gateway  
  16  0:44  Probe (Chrono Boost)  
  16  0:46  Assimilator  
  17  0:51  Probe  
  18  1:03  Probe (Chrono Boost)  
  19  1:04  Assimilator  
  19  1:08  Pylon  
  19  1:12  Probe (Chrono Boost)  
  19  1:17  Probe (Chrono Boost)  
  20  1:24  Cybernetics Core  
  21  1:29  Probe  
  22  1:33  Zealot  
  24  1:41  Probe  
  25  1:53  Probe  
  26  2:00  Stargate  
  26  2:10  Pylon  
  26  2:26  Probe  
  27  2:38  Probe  
  27  2:41  Oracle (Chrono Boost)  
  28  2:46  Nexus  
  28  2:50  Probe, Warp Gate  
  31  2:57  Pylon  
  31  3:03  Shield Battery  
  31  3:07  Shield Battery  
  31  3:16  Phoenix (Chrono Boost)  
  31  3:18  Probe  
  34  3:30  Shield Battery  
  34  3:32  Phoenix (Chrono Boost)  
  36  3:48  Shield Battery  
  36  3:57  Phoenix (Chrono Boost)  
  36  4:02  Probe x2  
  40  4:13  Phoenix (Chrono Boost)  
  40  4:15  Probe x2 (Chrono Boost)  
  41  4:27  Probe (Chrono Boost)  
  41  4:30  Stargate  
  43  4:32  Probe (Chrono Boost)  
  43  4:33  Assimilator  
  43  4:34  Probe (Chrono Boost)  
  43  4:37  Phoenix  
  46  4:38  Assimilator, Probe  
  46  4:41  Probe  
  48  4:48  Pylon  
  48  4:50  Probe  
  49  4:53  Probe  
  50  5:02  Probe  
  50  5:05  Probe  
  50  5:06  Phoenix (Chrono Boost)  
  54  5:13  Phoenix (Chrono Boost)  
  52  5:14  Probe  
  52  5:17  Probe  
  54  5:27  Phoenix (Chrono Boost), Probe  
  57  5:31  Pylon  
  57  5:32  Phoenix (Chrono Boost)  
  59  5:37  Twilight Council, Probe  
  59  5:39  Probe  
  61  5:49  Probe  
  62  5:51  Probe  
  62  5:56  Gateway  
  63  5:57  Gateway  
  63  6:03  Probe x2  
  65  6:04  Gateway  
  65  6:10  Blink (Chrono Boost)  
  63  6:15  Probe x2  
  65  6:28  Robotics Facility  
  65  6:31  Stalker, Gateway, Forge  
  67  6:38  Pylon  
  67  6:40  Pylon x2  
  67  6:59  Stalker x3  
  67  7:00  Probe x2  
  67  7:14  Probe x2  
  68  7:17  Pylon  
  68  7:20  Observer  
  69  7:25  Nexus  
  67  7:32  Probe x2  
  67  7:36  Sentry x3  
  67  7:37  Sentry  
  77  7:40  Sentry  
  77  7:44  Probe x2  
  81  7:51  Immortal  
  84  7:56  Probe x2  
  86  8:15  Pylon  
  86  8:16  Stalker x4  
  90  8:33  Stalker  
  80  8:42  Stalker x4  

Tags
 
Add a new tag
Caveats
  • Supply blocks, unpowered buildings, or Contaminate may cause inaccurate times.
  • Supply counts are checked every 10 seconds.